AAA WEST
TACOMA RAINIERS @ LAS VEGAS AVIATORS
05/16/2042
 
TOP OF THE 1ST
Tacoma Rainiers batting - Pitching for Las Vegas Aviators : RHP Damian Bell
Pitching: RHP Damian Bell
Batting: LHB Joe Myers 0-0: Ball
1-0: Called Strike
1-1: Ball
2-1: Foul Ball, location: 23F
2-2: SINGLE (Groundball, 4MD, EV 107.5 MPH)
Batting: RHB Enrico Mendoza 0-0: Ball
Joe Myers steals 2nd base
1-0: Ball
2-0: Ball
3-0: Called Strike
3-1: Ground out 5-3 (Groundball, 56S, EV 90.6 MPH)
Batting: LHB José Ortíz 0-0: Called Strike
0-1: Foul Ball, location: 2RF
0-2: SINGLE (Groundball, 6MD, EV 104.4 MPH)
Joe Myers to third
Batting: RHB Rusty Smith 0-0: Called Strike
0-1: Ball
1-1: Called Strike
1-2: Strikes out swinging
Batting: RHB Dan Sibbald 0-0: Called Strike
0-1: Ball
1-1: Ground out 5-3 (Groundball, 56S, EV 90.0 MPH)
Top of the 1st over - 0 runs, 2 hits, 0 errors, 2 left on base; Tacoma 0 - Las Vegas 0
BOTTOM OF THE 1ST
Las Vegas Aviators batting - Pitching for Tacoma Rainiers : RHP Giuseppe Psaquale
Pitching: RHP Giuseppe Psaquale
Batting: LHB Caleb Banks 0-0: Called Strike
0-1: Ball
1-1: Ball
2-1: Foul Ball, location: 9LSF
2-2: Ball
3-2: Foul Ball, location: 9LSF
3-2: Strikes out looking
Batting: RHB Ernesto Peña 0-0: Called Strike
0-1: Swinging Strike
0-2: Fly out, F7 (Flyball, 7, EV 77.5 MPH)
Batting: RHB Danny Adkins 0-0: Called Strike
0-1: Ball
1-1: Foul Ball, location: 2F
1-2: Fly out, F9 (Flyball, 9S, EV 91.9 MPH)
Bottom of the 1st over - 0 runs, 0 hits, 0 errors, 0 left on base; Tacoma 0 - Las Vegas 0
TOP OF THE 2ND
Tacoma Rainiers batting - Pitching for Las Vegas Aviators : RHP Damian Bell
Batting: LHB Juan Gutiérrez 0-0: Fly out, F8 (Flyball, 8RXD, EV 83.1 MPH)
Batting: RHB Doug Hawk 0-0: Called Strike
0-1: SINGLE (Groundball, 6M, EV 101.9 MPH) (infield hit)
Batting: RHB Ric Dennis Pickoff Play to 1st, Runner tries for 2nd, OUT after rundown.
0-0: Called Strike
0-1: Foul Ball, location: 9LMF
0-2: Ball
1-2: Ball
2-2: Foul Ball, location: 9LSF
2-2: Foul Ball, location: 5FF
2-2: Foul Ball, location: 9LSF
2-2: Ball
3-2: Fly out, F9 (Flyball, 9S, EV 83.8 MPH)
Top of the 2nd over - 0 runs, 1 hit, 0 errors, 0 left on base; Tacoma 0 - Las Vegas 0
BOTTOM OF THE 2ND
Las Vegas Aviators batting - Pitching for Tacoma Rainiers : RHP Giuseppe Psaquale
Batting: LHB Cristóbal Díaz 0-0: Ball
1-0: Ball
2-0: Ball
3-0: Called Strike
3-1: Base on Balls
Batting: RHB Chris Walker 0-0: Swinging Strike
0-1: Swinging Strike
0-2: Foul Ball, location: 5F
0-2: Ball
1-2: Foul Ball, location: 5SF
1-2: Ball
2-2: Strikes out swinging
Batting: SHB Mitch Wagner 0-0: Ball
1-0: Swinging Strike
1-1: Ball
2-1: Foul Ball, location: 7LSF
2-2: Ball
3-2: Strikes out swinging
Batting: RHB Bert Gray 0-0: Ball
1-0: Ball
2-0: Foul Ball, location: 3F
2-1: Ball
3-1: Fly out, F8 (Flyball, 8RD, EV 96.9 MPH)
Bottom of the 2nd over - 0 runs, 0 hits, 0 errors, 1 left on base; Tacoma 0 - Las Vegas 0
TOP OF THE 3RD
Tacoma Rainiers batting - Pitching for Las Vegas Aviators : RHP Damian Bell
Batting: RHB Josh Hannemann 0-0: Ball
1-0: Foul Ball, location: 9LSF
1-1: Called Strike
1-2: Foul Ball, location: 5F
1-2: DOUBLE (Line Drive, 89D, EV 103.8 MPH)
Batting: LHB Joe Myers 0-0: Fly out, F9 (Line Drive, 9, EV 88.8 MPH)
Batting: RHB Enrico Mendoza 0-0: Ball
1-0: DOUBLE (Flyball, 78D, EV 89.4 MPH)
Josh Hannemann scores
Batting: LHB José Ortíz 0-0: Swinging Strike
0-1: Foul Ball, location: 2RF
0-2: Ball
1-2: Foul Ball, location: 2F
1-2: Ball
2-2: Foul Ball, location: 3F
2-2: Fly out, F7 (Flyball, 7, EV 98.1 MPH)
Batting: RHB Rusty Smith 0-0: Called Strike
0-1: Foul Ball, location: 23F
0-2: Ball
1-2: Strikes out swinging
Top of the 3rd over - 1 run, 2 hits, 0 errors, 1 left on base; Tacoma 1 - Las Vegas 0
BOTTOM OF THE 3RD
Las Vegas Aviators batting - Pitching for Tacoma Rainiers : RHP Giuseppe Psaquale
Batting: SHB Damian Bell 0-0: Foul Ball, location: 2F
0-1: Fly out, F8 (Flyball, 8LS, EV 89.4 MPH)
Batting: RHB Ed Brown 0-0: Ground out 5-3 (Groundball, 56, EV 85.6 MPH)
Batting: LHB Caleb Banks 0-0: Ball
1-0: Called Strike
1-1: Ball
2-1: Ball
3-1: Base on Balls
Batting: RHB Ernesto Peña 0-0: Called Strike
Caleb Banks steals 2nd base
0-1: Swinging Strike
0-2: Foul Ball, location: 25F
0-2: Ground out 5-3 (Groundball, 56, EV 86.3 MPH)
Bottom of the 3rd over - 0 runs, 0 hits, 0 errors, 1 left on base; Tacoma 1 - Las Vegas 0
TOP OF THE 4TH
Tacoma Rainiers batting - Pitching for Las Vegas Aviators : RHP Damian Bell
Batting: RHB Dan Sibbald 0-0: Ball
1-0: Called Strike
1-1: Ground out 5-3 (Groundball, 56, EV 86.9 MPH)
Batting: LHB Juan Gutiérrez 0-0: Ball
1-0: DOUBLE (Line Drive, 7LM, EV 111.3 MPH)
Batting: RHB Doug Hawk 0-0: Foul Ball, location: 9LMF
0-1: Ball
1-1: SINGLE (Groundball, 6MD, EV 95.0 MPH)
Juan Gutiérrez to third
Runner from 3rd tries for Home, SAFE, throw by CF to home
Batting: RHB Ric Dennis 0-0: Ball
1-0: Ball
2-0: Called Strike
2-1: SINGLE (Line Drive, 8LS, EV 95.6 MPH)
Doug Hawk to second
Runner from 2nd tries for 3rd, SAFE, throw by CF made to third
Batting: RHB Josh Hannemann 0-0: DOUBLE (Flyball, 8RXD, EV 103.1 MPH)
Doug Hawk scores
Ric Dennis to third
Runner from 3rd tries for Home, SAFE, throw by CF to home
Batting: LHB Joe Myers 0-0: Ball
Josh Hannemann is caught stealing 3rd base 2-5
1-0: Ball
2-0: Ball
3-0: Base on Balls
Batting: RHB Enrico Mendoza 0-0: Ball
Joe Myers steals 2nd base
1-0: Ground out 5-3 (Groundball, 56, EV 101.3 MPH)
Top of the 4th over - 3 runs, 4 hits, 0 errors, 1 left on base; Tacoma 4 - Las Vegas 0
BOTTOM OF THE 4TH
Las Vegas Aviators batting - Pitching for Tacoma Rainiers : RHP Giuseppe Psaquale
Batting: RHB Danny Adkins 0-0: Called Strike
0-1: Ball
1-1: Called Strike
1-2: Strikes out looking
Batting: LHB Cristóbal Díaz 0-0: Ball
1-0: Ball
2-0: SOLO HOME RUN (Flyball, 9D, EV 109.4 MPH), Distance : 408 ft
Batting: RHB Chris Walker 0-0: Called Strike
0-1: Swinging Strike
0-2: Strikes out swinging
Batting: SHB Mitch Wagner 0-0: Ball
1-0: Foul Ball, location: 5SF
1-1: Foul Ball, location: 2F
1-2: Strikes out swinging
Bottom of the 4th over - 1 run, 1 hit, 0 errors, 0 left on base; Tacoma 4 - Las Vegas 1
TOP OF THE 5TH
Tacoma Rainiers batting - Pitching for Las Vegas Aviators : RHP Damian Bell
Batting: LHB José Ortíz 0-0: Ball
1-0: DOUBLE (Line Drive, 9LM, EV 94.4 MPH)
Batting: RHB Rusty Smith 0-0: Ball
1-0: Ball
2-0: Foul Ball, location: 3DF
2-1: Swinging Strike
2-2: Ground out 6-3 (Groundball, 6, EV 81.9 MPH)
Batting: RHB Dan Sibbald 0-0: Ball
1-0: Ball
2-0: Called Strike
2-1: SINGLE (Groundball, 56, EV 101.9 MPH)
José Ortíz to third
Batting: LHB Juan Gutiérrez 0-0: Ball
1-0: Foul Ball, location: 2F
1-1: Fly out, F4 (Popup, 4M, EV 64.4 MPH)
Batting: RHB Doug Hawk 0-0: Swinging Strike
0-1: Called Strike
0-2: Ball
1-2: Strikes out swinging
Top of the 5th over - 0 runs, 2 hits, 0 errors, 2 left on base; Tacoma 4 - Las Vegas 1
BOTTOM OF THE 5TH
Las Vegas Aviators batting - Pitching for Tacoma Rainiers : RHP Giuseppe Psaquale
Batting: RHB Bert Gray 0-0: Called Strike
0-1: Foul Ball, location: 2F
0-2: Ball
1-2: Ball
2-2: Foul Ball, location: 5F
2-2: Strikes out swinging
Batting: SHB Damian Bell 0-0: SINGLE (Line Drive, 8RS, EV 93.1 MPH)
Batting: RHB Ed Brown 0-0: Ball
1-0: Ball
2-0: Ball
3-0: Called Strike
3-1: Fly out, F8 (Flyball, 8RD, EV 91.3 MPH)
Batting: LHB Caleb Banks 0-0: Ball
Damian Bell steals 2nd base
1-0: Foul Ball, location: 7LMF
1-1: Swinging Strike
1-2: Fly out, F6 (Popup, 6, EV 58.1 MPH)
Bottom of the 5th over - 0 runs, 1 hit, 0 errors, 1 left on base; Tacoma 4 - Las Vegas 1
TOP OF THE 6TH
Tacoma Rainiers batting - Pitching for Las Vegas Aviators : RHP Damian Bell
Batting: RHB Ric Dennis 0-0: Ball
1-0: Called Strike
1-1: Ball
2-1: Ball
3-1: TRIPLE (Flyball, 8LXD, EV 100.0 MPH)
Batting: RHB Josh Hannemann 0-0: Ball
1-0: Foul Ball, location: 23F
1-1: Ball
2-1: Foul Ball, location: 3SF
2-2: Ball
3-2: Ground out 6-3 (Groundball, 6, EV 85.0 MPH)
Pitching: RHP Josh Howard
Batting: LHB Joe Myers 0-0: Ball
1-0: Ball
2-0: Called Strike
2-1: Called Strike
2-2: Strikes out swinging
Batting: RHB Enrico Mendoza 0-0: Called Strike
0-1: Called Strike
0-2: Foul Ball, location: 3FF
0-2: Ball
1-2: Strikes out swinging
Top of the 6th over - 0 runs, 1 hit, 0 errors, 1 left on base; Tacoma 4 - Las Vegas 1
BOTTOM OF THE 6TH
Las Vegas Aviators batting - Pitching for Tacoma Rainiers : RHP Giuseppe Psaquale
Batting: RHB Ernesto Peña 0-0: Ball
1-0: Ground out 3-1 (Groundball, 34, EV 78.8 MPH)
Batting: RHB Danny Adkins 0-0: Ground out 6-3 (Groundball, 6, EV 96.9 MPH)
Batting: LHB Cristóbal Díaz 0-0: Ball
1-0: Ball
2-0: Ball
3-0: Ground out 4-3 (Groundball, 4, EV 90.6 MPH)
Bottom of the 6th over - 0 runs, 0 hits, 0 errors, 0 left on base; Tacoma 4 - Las Vegas 1
TOP OF THE 7TH
Tacoma Rainiers batting - Pitching for Las Vegas Aviators : RHP Josh Howard
Batting: LHB José Ortíz 0-0: Ball
1-0: Called Strike
1-1: Ball
2-1: Swinging Strike
2-2: Strikes out swinging
Batting: RHB Rusty Smith 0-0: Ball
1-0: Ball
2-0: Called Strike
2-1: Ball
3-1: Base on Balls
Batting: RHB Dan Sibbald 0-0: Foul Ball, location: 2F
0-1: Ball
1-1: Foul Ball, location: 25F
1-2: Strikes out swinging
Batting: LHB Juan Gutiérrez 0-0: Called Strike
0-1: Swinging Strike
0-2: Ball
1-2: Foul Ball, location: 2F
1-2: Foul Ball, location: 9LMF
1-2: Foul Ball, location: 2F
1-2: Strikes out swinging
Top of the 7th over - 0 runs, 0 hits, 0 errors, 1 left on base; Tacoma 4 - Las Vegas 1
BOTTOM OF THE 7TH
Las Vegas Aviators batting - Pitching for Tacoma Rainiers : RHP Giuseppe Psaquale
Batting: RHB Chris Walker 0-0: Ball
1-0: Ball
2-0: Foul Ball, location: 9LSF
2-1: Swinging Strike
2-2: Ball
3-2: Strikes out swinging
Batting: SHB Mitch Wagner 0-0: Ball
1-0: Called Strike
1-1: Ball
2-1: Ball
3-1: Base on Balls
Batting: RHB Bert Gray 0-0: Fly out, F9 (Flyball, 9, EV 88.8 MPH)
Batting: SHB Damian Bell 0-0: Called Strike
0-1: Ball
Mitch Wagner is caught stealing 2nd base 2-6
Bottom of the 7th over - 0 runs, 0 hits, 0 errors, 0 left on base; Tacoma 4 - Las Vegas 1
TOP OF THE 8TH
Tacoma Rainiers batting - Pitching for Las Vegas Aviators : RHP Josh Howard
Batting: RHB Doug Hawk 0-0: Foul Ball, location: 5F
0-1: Swinging Strike
0-2: Ball
1-2: Ball
2-2: Strikes out swinging
Batting: RHB Ric Dennis 0-0: Foul Ball, location: 7LSF
0-1: Ball
1-1: Called Strike
1-2: Foul Ball, location: 25F
1-2: Ball
2-2: DOUBLE (Flyball, 8LXD, EV 93.8 MPH)
Batting: RHB Josh Hannemann 0-0: Foul Ball, location: 7LDF
0-1: Swinging Strike
0-2: Ball
1-2: Strikes out swinging
Pitching: RHP Jonathan Harden
Batting: LHB Joe Myers 0-0: Called Strike
0-1: Ground out U3 (Groundball, 3, EV 90.6 MPH)
Top of the 8th over - 0 runs, 1 hit, 0 errors, 1 left on base; Tacoma 4 - Las Vegas 1
BOTTOM OF THE 8TH
Las Vegas Aviators batting - Pitching for Tacoma Rainiers : RHP Giuseppe Psaquale
Pitching: LHP Artie Gómez
Batting: SHB Damian Bell 0-0: Ground out 6-3 (Groundball, 6, EV 90.0 MPH)
Batting: RHB Ed Brown 0-0: Called Strike
0-1: Called Strike
0-2: Ball
1-2: Strikes out swinging
Batting: LHB Caleb Banks 0-0: Ground out U3 (Groundball, 34S, EV 86.3 MPH)
Bottom of the 8th over - 0 runs, 0 hits, 0 errors, 0 left on base; Tacoma 4 - Las Vegas 1
TOP OF THE 9TH
Tacoma Rainiers batting - Pitching for Las Vegas Aviators : RHP Jonathan Harden
Batting: RHB Enrico Mendoza 0-0: Ground out 6-3 (Groundball, 6, EV 110.0 MPH)
Batting: LHB José Ortíz 0-0: Called Strike
0-1: Ball
1-1: Swinging Strike
1-2: Ball
2-2: Ball
3-2: Foul Ball, location: 25FF
3-2: Base on Balls
Batting: RHB Rusty Smith 0-0: Ball
1-0: Fly out, F6 (Line Drive, 6, EV 66.3 MPH)
Batting: RHB Dan Sibbald 0-0: Ball
1-0: Ball
2-0: Swinging Strike
2-1: Foul Ball, location: 23F
2-2: Fly out, F7 (Flyball, 7, EV 90.6 MPH)
Top of the 9th over - 0 runs, 0 hits, 0 errors, 1 left on base; Tacoma 4 - Las Vegas 1
BOTTOM OF THE 9TH
Las Vegas Aviators batting - Pitching for Tacoma Rainiers : LHP Artie Gómez
Pitching: RHP Jeff Jackson
Now at 1B: Sang-kuk Park
Now in LF: Ernesto Díaz
Now in RF: Rusty Smith
Batting: RHB Ernesto Peña 0-0: Ball
1-0: Ball
2-0: Ball
3-0: Called Strike
3-1: Fly out, F6 (Popup, 6S, EV 68.1 MPH)
Batting: RHB Danny Adkins 0-0: Ground out 5-3 (Groundball, 56, EV 77.5 MPH)
Batting: LHB Cristóbal Díaz 0-0: Called Strike
0-1: Called Strike
0-2: Strikes out swinging
Bottom of the 9th over - 0 runs, 0 hits, 0 errors, 0 left on base; Tacoma 4 - Las Vegas 1
Wednesday, May 1st , 2024 - OOTP Baseball 24.10 Build 82